AoeStats
← ccereal

Arabia

509603948Analyzed
4v4 RM · 5d ago on Sep 27, 2026· 28m 40s· 8 players
Game mode
Random Map
Map size
Large (8 player)
Population
200
Speed
Normal
Resources
Standard
Victory
Conquest
Starting age
Dark Age
Ending age
Imperial Age
RankedLock teamsTeams togetherTeam positionsShared explorationLock speedFull tech treeHidden civsTurbo modeCheats
Victory
Defeat
🇫🇷 Vikings · France
1603
+12
🇫🇷 Britons · France
1595
+13
🇩🇪 Franks · Germany
1566
+14
🇫🇷 Magyars · France
1388
+22
🇪🇸 Magyars · Spain
1534
-16
🇨🇱 Mongols · Chile
1534
-16
🇧🇪 Varangians · Belgium
1514
-15
1484
-14
Dangel2K
6:24 Loom
9:24 Feudal Age
10:04 Double-Bit Axe
10:03 Horse Collar
12:14 Bloodlines
16:41 Forging
20:18 Scale Barding Armor
26:09 Castle Age
26:41 Gold Mining
26:39 Light Cavalry
28:06 Husbandry
lizanan
6:45 Loom
9:14 Feudal Age
9:45 Double-Bit Axe
9:45 Horse Collar
18:37 Scale Barding Armor
23:27 Bloodlines
26:54 Castle Age
25:03 Fletching
26:00 Gold Mining
27:31 Wheelbarrow
27:59 Chain Barding Armor
27:41 Husbandry
yinyangwar
6:38 Loom
8:50 Feudal Age
8:56 Man-at-Arms
10:24 Arson
14:48 Fletching
17:26 Padded Archer Armor
17:18 Double-Bit Axe
20:11 Padded Archer Armor
24:40 Castle Age
22:39 Horse Collar
23:08 Gold Mining
25:17 Bodkin Arrow
24:44 Crossbowman
26:54 Ballistics
潮喜歡說故事的洛洛
0:45 Loom
2:21 Loom
13:34 Feudal Age
14:06 Double-Bit Axe
14:18 Town Watch
13:57 Champi Runner
18:49 Horse Collar
21:03 Scale Mail Armor
24:48 Castle Age
Frorok
6:49 Loom
9:19 Feudal Age
12:16 Fletching
14:37 Double-Bit Axe
18:33 Padded Archer Armor
25:01 Castle Age
24:02 Gold Mining
26:18 Bow Saw
26:06 Bodkin Arrow
25:31 Crossbowman
26:10 Horse Collar
27:12 Heavy Plow
27:17 Town Watch
La Momone 38
7:12 Loom
9:36 Feudal Age
15:15 Scale Barding Armor
18:15 Bloodlines
22:33 Castle Age
22:52 Horse Collar
23:00 Double-Bit Axe
24:11 Husbandry
25:23 Chain Barding Armor
25:27 Gold Mining
29:17 Wheelbarrow
p0n0n0
6:33 Loom
8:54 Feudal Age
9:40 Double-Bit Axe
17:36 Scale Barding Armor
20:25 Forging
22:43 Wheelbarrow
25:26 Castle Age
26:57 Chain Barding Armor
27:21 Iron Casting
26:59 Bow Saw
26:41 Gold Mining
28:53 Husbandry
ccereal
4:40 Loom
10:03 Feudal Age
11:18 Double-Bit Axe
14:36 Fletching
19:35 Wheelbarrow
23:26 Castle Age
21:15 Horse Collar
22:23 Padded Archer Armor
22:15 Gold Mining
23:27 Crossbowman
24:03 Bodkin Arrow
24:19 Bow Saw
25:40 Leather Archer Armor
27:09 Ballistics
Connection lost

Rejoining the realm…

Still unreachable

The connection could not be restored.

Session expired

The server has moved on; the page needs a fresh start.